 Dungeon Crawl Stone Soup version 0.20.0-15-g7f486f2 (webtiles) character file.

504 taytron the Chopper (level 7, -1/61 HPs)
             Began as a Hill Orc Monk on June 18, 2017.
             Splashed by Ijyb's acid (10 damage)
             ... on level 4 of the Dungeon.
             The game lasted 01:08:05 (3276 turns).

taytron the Chopper (Hill Orc Monk)                 Turns: 3276, Time: 01:08:07

Health: -1/61      AC:  0    Str: 16    XL:     7   Next: 17%
Magic:  0/7        EV: 13    Int: 10    God:
Gold:   293        SH:  0    Dex: 13    Spells: 6/6 levels left

rFire    . . .     SeeInvis .   s - -2 trident (curse)
rCold    . . .     Gourm    .   (no shield)
rNeg     + . .     Faith    .   d - +1 leather armour
rPois    .         Spirit   +   (no helmet)
rElec    .         Reflect  .   (no cloak)
rCorr    .         Harm     .   (no gloves)
MR       .....                  (no boots)
Stlth    ++........             f - amulet of guardian spirit
Regen    0.2/turn               t - ring of positive energy
MPRegen  0.1/turn               (no ring)

@: corroded
A: no striking features
a: no special abilities


You were on level 4 of the Dungeon.
You were not hungry.

You visited 1 branch of the dungeon, and saw 4 of its levels.

You collected 293 gold pieces.

Inventory:

Hand Weapons
 a - a +1 hand axe
 b - a +0 spear
 h - a +0 dire flail
 j - a +0 club
 s - a cursed -2 trident (weapon)
 u - a +2 mace of draining
 F - a +0 dagger of speed
Missiles
 e - 90 arrows
 i - 48 bolts
 D - 37 stones (quivered)
Armour
 d - a +1 leather armour (worn)
Jewellery
 f - an amulet of guardian spirit (around neck)
 t - a ring of positive energy (left hand)
Scrolls
 m - 4 scrolls of enchant weapon
 p - 3 scrolls of identify
 q - a scroll of fog
 v - a scroll of teleportation
Potions
 l - a potion of berserk rage
 r - a potion of flight {unknown}
Books
 x - a book of Misfortune

   Spells                             Type                      Level
   a - Confusing Touch                Hexes                        1
   b - Confuse                        Hexes                        3
   c - Gell's Gravitas                Translocation                3
   d - Petrify                        Transmutation/Earth          4
   e - Metabolic Englaciation         Hexes/Ice                    5
   f - Yara's Violent Unravelling     Hexes/Transmutation          5
Comestibles
 c - 3 bread rations
 g - 4 chunks of flesh
 k - 2 fruits
 o - 2 royal jellies


   Skills:
 + Level 5.0 Fighting
 + Level 6.5(6.8) Axes
 + Level 0.9(3.4) Maces & Flails
 + Level 2.1(4.0) Polearms
 + Level 0.1 Throwing
 + Level 3.2 Armour
 + Level 3.6 Dodging
 + Level 1.8 Stealth


You had 6 spell levels left.
You didn't know any spells.

Dungeon Overview and Level Annotations

Branches:
Dungeon (4/15)
 Temple: D:4-7

Altars:

Annotations:
D:1 1 runed door
D:4 Ijyb


Message History

Ijyb is moderately wounded.
Ijyb closely misses you.
You puncture Ijyb!
Ijyb is heavily wounded.
Ijyb zaps a wand.
The bolt of acid hits you!
You are splashed with acid!
The acid burns!
You hit Ijyb.
Ijyb is severely wounded.
Ijyb hits you but does no damage.
You hit Ijyb.
Ijyb is almost dead.
Ijyb zaps a wand.
The bolt of acid hits you!
You are splashed with acid!
The acid burns!
* * * LOW HITPOINT WARNING * * *
You miss Ijyb.
Ijyb is almost dead.
Ijyb zaps a wand.
The bolt of acid hits you!
* * * LOW HITPOINT WARNING * * *
The acid corrodes you!
You are splashed with acid!
The acid burns!
You die...

#.# #.#
#.################
#.................
#.................
#.................
#.################
#.# #####@#####
#....g....#
#.....(...#
+...#...#.##
#..###.###.#
#...#...#..#
##.#...#...# ##
#.###.###.###.#
#.(#...#...#..# #


You could see Ijyb.

Vanquished Creatures
  A sky beast (D:4)
  Blork the orc (D:4)
  An orc priest (D:3)
  A hound (D:3)
  A centaur skeleton (D:3)
  Natasha (twice) (D:4)
  An orc wizard (D:3)
  2 worker ants (D:4)
  2 adders (D:2)
  3 gnolls
  2 oozes
  2 dart slugs
  2 worms
  3 leopard geckos
  7 orcs
  3 giant cockroaches
  9 goblins
  4 hobgoblins
  8 jackals (D:3)
  A quokka (D:4)
  A ball python (D:1)
  7 bats
  5 frilled lizards
  3 kobolds (D:2)
  7 rats
79 creatures vanquished.

Vanquished Creatures (others)
  A rat (D:3)
1 creature vanquished.

Grand Total: 80 creatures vanquished

Notes
Turn   | Place    | Note
-------+----------+-------------------------------------------
     0 | D:1      | taytron the Hill Orc Monk began the quest for the Orb.
     0 | D:1      | Reached XP level 1. HP: 19/19 MP: 1/1
     1 | D:1      | Found a runed door.
     2 | D:1      | Noticed a jelly
   326 | D:1      | Reached XP level 2. HP: 26/27 MP: 2/2
   680 | D:2      | Reached XP level 3. HP: 30/33 MP: 3/3
   924 | D:2      | Reached skill level 5 in Axes
   928 | D:2      | Reached skill level 1 in Armour
  1108 | D:2      | Reached XP level 4. HP: 17/40 MP: 4/4
  1434 | D:3      | Reached XP level 5. HP: 17/47 MP: 5/5
  1770 | D:3      | Reached skill level 6 in Axes
  2037 | D:4      | Noticed Natasha
  2046 | D:4      | Killed Natasha
  2046 | D:4      | Reached XP level 6. HP: 20/53 MP: 1/6
  2087 | D:4      | Noticed Blork the orc
  2105 | D:4      | Killed Blork the orc
  2131 | D:4      | Noticed Natasha
  2423 | D:4      | Killed Natasha
  2472 | D:4      | Reached skill level 5 in Fighting
  2472 | D:4      | Reached skill level 1 in Polearms
  2474 | D:4      | Noticed a sky beast
  2497 | D:4      | Killed a sky beast
  2497 | D:4      | Reached XP level 7. HP: 20/61 MP: 2/7
  2858 | D:4      | Noticed Ijyb
  3276 | D:4      | Splashed by Ijyb's acid

Skill      XL: |  1  2  3  4  5  6  7 |
---------------+----------------------+-----
Fighting       | 4 5 |  5.0
Axes           | 5 6 |  6.5
Armour         | 1 2 3 |  3.2
Dodging        | 3 |  3.6
Polearms       | 1 2 |  2.1
Maces & Flails | |  0.9
Throwing       | |  0.1
Stealth        | |  1.8

Action                   |  1- 3 |  4- 6 |  7- 9 || total
-------------------------+-------+-------+-------++-------
Melee: Hand axe          |   112 |    65 |       ||   177
       Trident           |       |    64 |    50 ||   114
       Mace              |       |     9 |       ||     9
Throw: Throwing net      |     1 |       |       ||     1
       Stone             |     1 |    20 |    22 ||    43
  Use: Scroll            |     7 |     3 |     1 ||    11
       Potion            |     2 |       |     1 ||     3
  Eat: Chunk             |     1 |       |       ||     1
       Meat ration       |       |     1 |       ||     1
       Fruit             |       |       |     2 ||     2
Armor: Leather armour    |    34 |    37 |     8 ||    79
Dodge: Dodged            |    79 |   100 |    33 ||   212
